 Dungeon Crawl Stone Soup version 0.27-a0-1196-g3e9cee4cb2 (webtiles) character file.

Game seed: 15556063959992268127

151 jasper the Insei (level 5, 0/39 HPs)
             Began as a Demonspawn Transmuter on May 29, 2021.
             Slain by a gnoll
             ... wielding a +0 flail
              (9 damage)
             ... on level 4 of the Dungeon.
             The game lasted 00:05:23 (2991 turns).

jasper the Insei (Demonspawn Transmuter)            Turns: 2991, Time: 00:05:24

Health: 0/39       AC:  3    Str: 11    XL:     5   Next: 10%
Magic:  8/8        EV: 11    Int: 15    God:
Gold:   80         SH:  4    Dex: 13    Spells: 2/8 levels left

rFire    . . .     SeeInvis .   c - +1 hunting sling (flame)
rCold    . . .     Faith    .   p - +0 buckler
rNeg     . . .     Spirit   .   a - +1 robe
rPois    .         Reflect  .   (no helmet)
rElec    .         Harm     .   (no cloak)
rCorr    .         Rampage  .   (no gloves)
Will     .....                  (no boots)
Stlth    +.........             (no amulet)
HPRegen  0.13/turn              (no ring)
MPRegen  0.11/turn              (no ring)

@: mighty, on berserk cooldown, slowed, very slow
A: claws 1, demonic guardian 2
a: no special abilities


You were on level 4 of the Dungeon.
You visited 1 branch of the dungeon, and saw 4 of its levels.

You collected 80 gold pieces.

Inventory:

Hand Weapons
 c - a +1 hunting sling of flaming (weapon)
Missiles
 e - 23 arrows
 g - 51 stones (quivered ammo)
Armour
 a - a +1 robe (worn)
 i - a +0 leather armour
 p - a +0 buckler (worn)
Scrolls
 d - a scroll of amnesia {unknown}
 h - a scroll of enchant weapon
 j - a scroll of magic mapping {unknown}
 n - a scroll of fog
 o - 2 scrolls of teleportation {unknown}
 q - a scroll of holy word {unknown}
Potions
 b - 2 potions of mutation
 f - 2 potions of lignification
 m - 2 potions of brilliance {unknown}
 r - a potion of degeneration {unknown}


   Skills:
 - Level 2.4 Fighting
 + Level 1.5 Slings
 - Level 1.7 Dodging
 + Level 1.0 Shields
 - Level 4.2 Unarmed Combat
 - Level 2.0 Spellcasting
 - Level 1.7 Transmutations


You had 2 spell levels left.
You knew the following spells:

 Your Spells              Type           Power      Damage    Failure   Level
a - Beastly Appendage     Tmut           12%        N/A       16%         1
b - Wereblood             Tmut           6%         N/A       24%         2
c - Spider Form           Tmut/Pois      2%         N/A       56%         3

Your spell library contained the following spells:

 Spells                   Type           Power      Damage    Failure   Level
 Ice Form                 Ice/Tmut       4%         N/A       92%         4
 Hydra Form               Tmut           3%         N/A       99%         5


Dungeon Overview and Level Annotations

Branches:
Dungeon (4/15)
 Temple: D:4-7

Altars:
Dithmenos
Elyvilon
Fedhas
Gozag
Makhleb
Sif Muna
The Shining One

Annotations:
D:3 Sigmund


Innate Abilities, Weirdness & Mutations

You have sharp fingernails.
A demonic guardian rushes to your aid.


Message History

You take 11 damage, and have 28/39 hp.
MASSIVE DAMAGE!!
You struggle against the net.
The gnoll hits you from afar with a +0 halberd of protection!
A demonic guardian appears!
The gnoll hits your ice devil but does no damage.
You take 14 damage, and have 14/39 hp.
MASSIVE DAMAGE!!
It was a potion of might.
You feel very mighty all of a sudden. The gnoll barely misses you.
The gnoll hits your ice devil but does no damage.
The gnoll barely misses your ice devil.
Your ice devil hits the gnoll.
Your ice devil freezes the gnoll!!
The gnoll dies!
Your Shields skill increases to level 1!
It was a potion of berserk rage.
A red film seems to cover your vision as you go berserk!
You feel yourself moving faster!
You feel mighty! The gnoll barely misses your ice devil.
The gnoll hits your ice devil but does no damage.
Your ice devil barely misses the gnoll.
You now have 21/58 hp.
You are too berserk!
Unknown command.
You struggle against the net.
You feel a strong urge to attack something.
You struggle against the net.
The gnoll closely misses your ice devil.
The gnoll hits your ice devil with a +0 whip.
Your ice devil hits the gnoll.
Your ice devil freezes the gnoll!
The gnoll dies!
The gnoll hits you with a +0 flail!
* * * LOW HITPOINT WARNING * * *
You take 8 damage, and have 14/58 hp.
You shred the net and break free!
You feel your anger nearly subside.
You are no longer berserk.
You are exhausted.
You feel yourself slow down.
The gnoll hits your ice devil with a +0 club.
The gnoll hits you with a +0 flail!
You die...

.. ## ..
##.##.#
##..... ###
###......
....
........#
....
#....)..#..#
#(((.)4@...#
.....gg.....#
.........#..#
........## .#
........# #
.......##
....[..
##....#


You could see 2 gnolls and a friendly ice devil (summoned).

Vanquished Creatures
  3 adders
  2 river rats (D:3)
  6 worms
  A dart slug (D:2)
  5 orcs (D:3)
  4 endoplasms
  2 giant cockroaches (D:1)
  10 goblins
  A hobgoblin (D:1)
  3 jackals (D:1)
  2 quokkas (D:1)
  2 ball pythons (D:1)
  4 bats
  4 frilled lizards
  4 kobolds
  11 rats
64 creatures vanquished.

Vanquished Creatures (collateral kills)
  2 gnolls (D:4)
  A river rat (D:3)
  An orc (D:3)
4 creatures vanquished.

Grand Total: 68 creatures vanquished

Notes
Turn   | Place    | Note
-------+----------+-------------------------------------------
     0 | D:1      | jasper the Demonspawn Transmuter began the quest for the
                  | Orb.
     0 | D:1      | Reached XP level 1. HP: 15/15 MP: 3/3
    83 | D:1      | Reached skill level 3 in Unarmed Combat
   275 | D:1      | Found a faded altar of an unknown god.
   285 | D:1      | Became a worshipper of Sif Muna the Loreminder
   285 | D:1      | Reached * piety under Sif Muna
   336 | D:1      | Gained mutation: A weak demonic guardian rushes to your
                  | aid. [demonic ancestry]
   336 | D:1      | Reached XP level 2. HP: 19/21 MP: 3/5
   901 | D:1      | Fell from the grace of Sif Muna
  1275 | D:2      | Gained mutation: You have sharp fingernails. [demonic
                  | ancestry]
  1275 | D:2      | Reached XP level 3. HP: 16/27 MP: 4/6
  1406 | D:2      | Learned a level 2 spell: Wereblood
  1410 | D:2      | Learned a level 3 spell: Spider Form
  2033 | D:3      | Reached skill level 4 in Unarmed Combat
  2033 | D:3      | Reached XP level 4. HP: 33/33 MP: 7/7
  2217 | D:3      | Reached skill level 1 in Slings
  2424 | D:3      | Found a shadowy altar of Dithmenos.
  2428 | D:3      | Noticed Sigmund
  2469 | D:3      | Found a blossoming altar of Fedhas.
  2471 | D:3      | Found a burning altar of Makhleb.
  2476 | D:3      | Found an opulent altar of Gozag.
  2898 | D:3      | Gained mutation: A demonic guardian rushes to your aid.
                  | [demonic ancestry]
  2898 | D:3      | Reached XP level 5. HP: 39/39 MP: 8/8
  2988 | D:4      | Reached skill level 1 in Shields
  2991 | D:4      | Slain by a gnoll

Illustrated notes

Levels and vault maps discovered:
D:1:      erik_arrival_triangle_small, layout_basic,
          ebering_ecumenical_altar_rust, minmay_box_of_dots
D:2:      layout_rooms
D:3:      layout_loops_ring, general_overflow_altar,
          nicolae_overflow_crystal_walls, minitemple, lightli_sewer_entry_pipes,
          dk_noncrumbling_4, chequers_serial_rivers_small_a, moated_statue,
          uniq_sigmund
D:4:      layout_cave_pods, nemelex_diamond_rough_becter, lemuel_crystal_altar

Skill      XL: |  1  2  3  4  5 |
---------------+----------------+-----
Unarmed Combat | 3 4 |  4.2
Fighting       | 2 |  2.4
Slings         | 1 |  1.5
Shields        | 1 |  1.0
Dodging        | |  1.7
Spellcasting   | |  2.0
Transmutations | |  1.7

Action                   |  1- 3 |  4- 6 || total
-------------------------+-------+-------++-------
Melee: Unarmed           |    57 |       ||    57
       Kick              |     8 |       ||     8
       Headbutt          |     6 |       ||     6
       Punch             |     1 |       ||     1
 Fire: Hunting sling     |    35 |    86 ||   121
 Cast: Beastly Appendage |    20 |       ||    20
Invok: Renounce Religion |     1 |       ||     1
  Use: Scroll            |     7 |       ||     7
       Potion            |       |     2 ||     2
 Stab: Sleeping          |     1 |       ||     1
Armor: Robe              |     4 |     2 ||     6
Dodge: Dodged            |    33 |    10 ||    43

Table legend: (Time is in decaauts)
 A = Elapsed time spent in this place.
 B = Non-inter-level travel time spent in this place.
 C = Inter-level travel time spent in this place.
 D = Time resting spent in this place.
 E = Time spent auto-exploring this place.
 F = Levels seen in this place.
 G = Mean time per level.
                   A        B        C        D        E       F      G
               +--------+--------+--------+--------+--------+-----+--------+
         Total |   3050 |   2986 |     64 |    195 |   2265 |   4 |  762.5 |
       Dungeon |   3050 |   2986 |     64 |    195 |   2265 |   4 |  762.5 |
               +--------+--------+--------+--------+--------+-----+--------+

Top non-repeatable levels by time:
     D:1: 1258 daAuts
     D:3: 1223 daAuts
     D:2: 556 daAuts
     D:4: 11 daAuts
